 Dungeon Crawl Stone Soup version 0.20.0 (webtiles) character file.

1407 Llamajah the Chopper (level 9, -6/67 HPs)
             Began as a Formicid Fighter on June 16, 2017.
             Was a Follower of Okawaru.
             Mangled by Llamajah's ghost (12 damage)
             ... on level 7 of the Dungeon.
             The game lasted 00:13:08 (6308 turns).

Llamajah the Chopper (Formicid Fighter)             Turns: 6308, Time: 00:13:09

Health: -6/67      AC: 10    Str: 29    XL:     9   Next: 1%
Magic:  0/18       EV: 10    Int:  2    God:    Okawaru [*.....]
Gold:   255        SH: 11    Dex: 13    Spells: 8/8 levels left

rFire    . . .     SeeInvis +   a - +0 war axe
rCold    . . .     Gourm    .   c - +0 shield
rNeg     . . .     Faith    .   b - +0 scale mail
rPois    .         Spirit   +   (helmet unavailable)
rElec    .         Reflect  .   t - scarf {Spirit}
rCorr    .         Harm     .   (no gloves)
MR       ++...                  B - +2 pair of boots of Elyvilon's Favour {MR++ MP+9 Str+2 Int-5}
Stlth    ..........             (no amulet)
Regen    0.3/turn               (no ring)
MPRegen  0.2/turn               (no ring)

@: mighty
A: permanent stasis, dig shafts and tunnels, four strong arms, antennae 3
a: Dig, Shaft Self, Heroism, Renounce Religion


You were on level 7 of the Dungeon.
You worshipped Okawaru.
Okawaru was aware of your devotion.
You were not hungry.

You visited 2 branches of the dungeon, and saw 8 of its levels.

You collected 255 gold pieces.

Inventory:

Hand Weapons
 a - a +0 war axe (weapon)
Armour
 b - a +0 scale mail (worn)
 c - a +0 shield (worn)
 t - a scarf of spirit shield (worn)
 B - the +2 pair of boots of Elyvilon's Favour (worn) {MR++ MP+9 Str+2 Int-5}
   (You found it on level 7 of the Dungeon)

   It affects your strength (+2).
   It affects your intelligence (-5).
   It affects your resistance to hostile enchantments.
   It affects your magic capacity (+9).
Wands
 D - a wand of digging (5/24)
 E - a wand of confusion (31/48)
Scrolls
 g - 3 scrolls of remove curse {unknown}
 j - 2 scrolls of amnesia {unknown}
 k - 10 scrolls of identify {unknown}
 p - a scroll of fear {unknown}
 q - 6 scrolls of teleportation {unknown}
 w - 2 scrolls of enchant weapon {unknown}
 z - a scroll of recharging {unknown}
 C - a scroll of random uselessness {unknown}
 F - a scroll of immolation {unknown}
Potions
 e - 2 potions of lignification {unknown}
 i - 5 potions of curing {unknown}
 m - 2 potions of haste {unknown}
 n - 2 potions of invisibility {unknown}
 o - 2 potions of flight {unknown}
 s - a potion of agility {unknown}
 u - 3 potions of heal wounds {unknown}
 v - a potion of berserk rage {unknown}
 x - 4 potions of brilliance {unknown}
 A - 3 potions of mutation {unknown}
Books
 y - a book of Air

   Spells                             Type                      Level
   a - Shock                          Conjuration/Air              1
   b - Swiftness                      Charms/Air                   2
   c - Static Discharge               Conjuration/Air              3
   d - Airstrike                      Air                          4
   e - Lightning Bolt                 Conjuration/Air              5
Comestibles
 f - 4 bread rations
 h - 4 fruits
 l - 2 meat rations
 r - a royal jelly


   Skills:
 + Level 4.9 Fighting
 + Level 7.3 Axes
 + Level 5.7 Armour
 + Level 2.6 Dodging
 + Level 1.1 Stealth
 + Level 5.9 Shields


You had 8 spell levels left.
You didn't know any spells.

Dungeon Overview and Level Annotations

Branches:
Dungeon (7/15)             Temple (1/1) D:6

Altars:
Ashenzari
Okawaru
Sif Muna
Trog
Uskayaw
Vehumet
Yredelemnul

Annotations:
D:7 Llamajah's ghost, novice FoFi


Innate Abilities, Weirdness & Mutations

You cannot be hasted, slowed, berserked, paralysed or teleported.
You can dig through walls and to a lower floor.
Your four strong arms can wield two-handed weapons with a shield.
You have a pair of large antennae on your head. (SInv)


Message History

You hit Llamajah's ghost.
Llamajah's ghost is lightly damaged.
Llamajah's ghost hits you!
You slash Llamajah's ghost!
Llamajah's ghost is moderately damaged.
Llamajah's ghost hits you!
* * * LOW HITPOINT WARNING * * *
You hit Llamajah's ghost.
Llamajah's ghost is moderately damaged.
Llamajah's ghost hits you!
* * * LOW HITPOINT WARNING * * *
Llamajah's ghost hits you but does no damage.
You barely miss Llamajah's ghost.
Llamajah's ghost is moderately damaged.
Llamajah's ghost misses you.
You barely miss Llamajah's ghost.
Llamajah's ghost is moderately damaged.
Llamajah's ghost says, "I was once a great warrior, and I still am!"
Llamajah's ghost hits you!
You die...

#.###............#
#.#............... #
#.#.#............#
..##.###..#..####...####
.........###.# #...#
###.##.#.#.## #...# #.##.##
#...#
#####.##########.#######
#.....# #..@.........#
####.#########...W....###.#
.(....# #...#............#
####.## #.............##.#
### #...#.........##.####
##.##........<......#
#.##(...........##.#
#.####......###.##.#
###.#######.......##.#


You could see Llamajah's ghost.

Vanquished Creatures
  A wyvern (D:7)
  Edmund (D:6)
  A black bear (D:6)
  3 centaurs
  A bullfrog (D:7)
  A wyvern skeleton (D:7)
  4 crimson imps
  2 jellies
  An orc priest (D:5)
  5 worker ants
  An iguana (D:5)
  A statue (D:6)
  A hound zombie (D:4)
  2 hound skeletons (D:6)
  2 worker ant zombies (D:6)
  4 gnolls (D:4)
  11 adders
  A shadow imp (D:6)
  2 worms
  6 leopard geckos
  3 orcs (D:5)
  3 ball pythons
  9 bats
  8 giant cockroaches
  2 goblins (D:2)
  7 hobgoblins
  8 jackals
  6 kobolds
  9 frilled lizards
  A leopard gecko skeleton (D:5)
  A quokka skeleton (D:4)
  4 rats
112 creatures vanquished.

Notes
Turn   | Place    | Note
-------+----------+-------------------------------------------
     0 | D:1      | Llamajah the Formicid Fighter began the quest for the Orb.
     0 | D:1      | Reached XP level 1. HP: 18/18 MP: 1/1
    72 | D:1      | Reached XP level 2. HP: 6/24 MP: 2/2
   682 | D:1      | Reached XP level 3. HP: 29/29 MP: 3/3
  1448 | D:2      | Reached XP level 4. HP: 32/35 MP: 4/4
  1627 | D:2      | Reached skill level 3 in Axes
  1788 | D:2      | Reached skill level 1 in Dodging
  2172 | D:3      | Reached XP level 5. HP: 36/41 MP: 3/5
  2890 | D:4      | Reached XP level 6. HP: 24/48 MP: 4/6
  3142 | D:4      | Reached skill level 4 in Axes
  3338 | D:5      | Entered Level 5 of the Dungeon
  3529 | D:5      | Reached XP level 7. HP: 47/54 MP: 4/7
  3598 | D:5      | Reached skill level 1 in Stealth
  3656 | D:5      | Found a shattered altar of Ashenzari.
  3657 | D:5      | Found a basalt altar of Yredelemnul.
  3671 | D:5      | Reached skill level 5 in Axes
  3829 | D:5      | Reached skill level 5 in Shields
  4225 | D:6      | Found a radiant altar of Vehumet.
  4367 | D:6      | Noticed Edmund
  4388 | D:6      | Killed Edmund
  4388 | D:6      | Reached XP level 8. HP: 16/60 MP: 5/8
  4702 | D:6      | Reached skill level 6 in Axes
  4702 | D:6      | Reached skill level 5 in Armour
  4888 | D:6      | Found a staircase to the Ecumenical Temple.
  4949 | Temple   | Entered the Ecumenical Temple
  4991 | Temple   | Became a worshipper of Warmaster Okawaru
  5593 | D:7      | Got a pair of dazzling boots
  5599 | D:7      | Identified the +2 pair of boots of Elyvilon's Favour {MR++ MP+9 Str+2 Int-5} (You found it on level 7 of the Dungeon)
  5748 | D:7      | Noticed a wyvern
  5748 | D:7      | Noticed Llamajah's ghost (novice FoFi)
  5769 | D:7      | Reached * piety under Okawaru
  5769 | D:7      | Reached skill level 7 in Axes
  5775 | D:7      | Killed a wyvern
  5775 | D:7      | Reached XP level 9. HP: 37/67 MP: 9/9
  5798 | D:7      | HP: 1/67 [Llamajah's ghost (7)]
  6308 | D:7      | Mangled by Llamajah's ghost

Skill      XL: |  1  2  3  4  5  6  7  8 |
---------------+-------------------------+-----
Shields        | 4 5 |  5.9
Axes           | 3 4 5 7 |  7.3
Armour         | 4 5 |  5.7
Dodging        | 1 2 |  2.6
Fighting       | 4 |  4.9
Stealth        | 1 |  1.1

Action                   |  1- 3 |  4- 6 |  7- 9 || total
-------------------------+-------+-------+-------++-------
Melee: War axe           |   132 |   176 |   267 ||   575
Invok: Heroism           |       |       |     1 ||     1
 Abil: Dig               |       |       |     1 ||     1
  Use: Potion            |       |       |     2 ||     2
  Eat: Chunk             |     2 |     6 |     7 ||    15
       Royal jelly       |       |       |     2 ||     2
Armor: Scale mail        |    64 |    78 |    75 ||   217
Dodge: Dodged            |    56 |    57 |    88 ||   201
Block: Shield            |   101 |    73 |   125 ||   299
